Map: Oxide LE

Players

YaEstTo - Winner!

  • Race: Terran Terran

FireStorm

  • Race: Zerg Zerg
  • League: Platinum

VOD

Have the link to the VOD?

Description

Time

  • Played on: May 24, 2021, 7:30 p.m.
  • Length: 29:46
Show
View Real Time Build Order
Export as new Build Order

YaEstTo Terran - Winner!

Build Orders:  

Get SALT Encoding   

  12  0:00  SCV  
  13  0:17  Supply Depot  
  13  0:19  SCV  
  14  0:32  SCV  
  15  0:40  Barracks  
  15  0:46  Refinery  
  15  0:51  Refinery  
  15  0:57  SCV  
  16  1:10  SCV  
  17  1:27  Orbital Command  
  17  1:28  Supply Depot  
  17  1:29  Marine  
  18  1:48  Factory  
  18  1:55  SCV  
  19  2:08  SCV  
  20  2:14  Marine  
  21  2:18  Supply Depot  
  21  2:21  SCV  
  22  2:32  Factory Tech Lab, Starport  
  23  2:37  SCV  
  22  2:54  Supply Depot  
  22  3:05  Siege Tank  
  25  3:15  SCV  
  25  3:16  Fusion Core  
  26  3:29  SCV  
  27  3:46  SCV, Factory Tech Lab  
  28  4:03  Battlecruiser  
  28  4:09  Command Center  
  34  4:10  Widow Mine  
  36  4:22  SCV  
  37  4:25  Engineering Bay  
  37  4:42  Starport  
  37  4:43  Factory Tech Lab  
  37  4:58  Missile Turret  
  37  5:01  Missile Turret  
  37  5:12  Raven  
  39  5:21  SCV  
  32  6:07  Supply Depot  
  27  6:14  Siege Tank  
  9  7:05  Command Center  
  9  7:18  SCV  
  10  7:34  Starport Tech Lab  
  10  7:37  Starport Tech Lab  
  10  7:39  Supply Depot  
  10  7:51  Supply Depot  
  10  7:54  SCV  
  11  8:05  Factory Tech Lab  
  11  8:06  SCV  
  12  8:19  SCV  
  7  8:37  Siege Tank  
  10  8:55  SCV  
  11  9:08  SCV  
  12  9:14  Widow Mine  
  13  9:31  SCV  
  14  9:48  SCV  
  14  9:50  Refinery  
  14  9:51  SCV  
  16  9:55  Widow Mine  
  18  10:12  Starport Tech Lab  
  18  10:15  SCV  
  18  10:20  Missile Turret  
  19  10:27  SCV  
  20  10:52  SCV  
  21  10:57  Planetary Fortress  
  21  11:04  SCV  
  21  11:05  Missile Turret  
  22  11:21  Missile Turret  
  22  11:24  SCV  
  23  11:36  SCV  
  23  11:38  Widow Mine  
  26  11:43  Raven  
  28  11:48  SCV  
  29  12:01  Refinery  
  29  12:06  SCV  
  29  12:07  SCV  
  31  12:13  Widow Mine  
  33  12:18  SCV  
  33  12:19  SCV  
  35  12:25  Starport  
  35  12:30  SCV  
  36  12:43  Refinery  
  36  12:45  Widow Mine, Missile Turret  
  36  13:15  SCV  
  36  13:19  Raven  
  36  13:46  Siege Tank  
  39  13:52  SCV  
  40  14:01  Starport Tech Lab  
  40  14:07  SCV  
  41  14:16  Corvid Reactor  
  41  14:32  SCV  
  41  14:38  Raven  
  44  14:40  Raven  
  46  14:53  Neosteel Armor  
  46  15:00  Supply Depot  
  46  15:07  Missile Turret  
  46  15:22  SCV x2, Widow Mine  
  46  15:24  Supply Depot  
  46  15:27  Raven  
  52  15:34  SCV  
  53  15:40  SCV  
  54  15:45  Raven  
  54  15:46  Widow Mine  
  58  16:02  Command Center  
  58  16:07  SCV  
  59  16:23  SCV  
  60  16:30  Raven  
  62  16:33  Supply Depot  
  62  16:37  Supply Depot  
  62  16:56  Raven  
  62  16:57  SCV  
  62  17:00  Siege Tank  
  68  17:01  SCV  
  69  17:14  SCV  
  70  17:23  Missile Turret  
  67  17:32  Siege Tank  
  60  18:17  Planetary Fortress  
  60  18:28  SCV  
  61  18:43  Raven  
  61  18:44  Viking  
  61  18:46  SCV  
  66  19:00  SCV  
  67  19:06  Missile Turret  
  67  19:07  Refinery  
  67  19:09  Refinery, Missile Turret  
  67  19:13  Raven  
  67  19:14  SCV  
  67  19:15  SCV  
  71  19:30  SCV x2  
  73  19:39  Raven  
  75  19:55  SCV  
  75  19:57  Raven  
  75  19:58  Siege Tank  
  81  20:05  Starport  
  81  20:11  Barracks  
  81  20:26  Command Center  
  81  20:29  Raven  
  81  20:31  Missile Turret  
  83  20:37  Missile Turret  
  83  20:40  Raven  
  85  20:46  Starport Tech Lab  
  85  20:49  Starport  
  85  20:59  Command Center  
  85  21:05  Raven  
  85  21:09  Siege Tank  
  90  21:12  Viking  
  92  21:18  Refinery  
  92  21:22  Refinery  
  92  21:43  Supply Depot  
  92  21:44  Planetary Fortress, Supply Depot  
  92  21:45  Supply Depot  
  92  21:51  SCV  
  93  21:54  Siege Tank  
  93  21:55  Starport Tech Lab  
  96  22:08  SCV x2  
  98  22:12  Missile Turret  
  98  22:13  Planetary Fortress, Missile Turret  
  98  22:16  SCV  
  99  22:36  Siege Tank  
  102  22:37  Raven x4, Command Center  
  108  23:09  Hellion  
  102  23:20  Viking x2  
  102  23:26  Viking  
  102  23:27  Viking  
  98  23:48  Missile Turret x2  
  98  23:50  Liberator, Viking  
  98  23:51  SCV  
  104  23:55  SCV  
  104  23:56  Raven x2  
  104  23:57  Missile Turret  
  109  24:11  SCV x2  
  109  24:12  SCV  
  112  24:19  Raven, Missile Turret  
  114  24:32  Raven  
  114  24:38  Planetary Fortress  
  116  24:39  Raven  
  116  24:41  SCV  
  116  24:42  SCV  
  116  24:43  SCV  
  121  25:01  Raven  
  121  25:02  Viking  
  121  25:04  SCV  
  121  25:05  SCV  
  127  25:15  Missile Turret  
  127  25:16  Missile Turret  
  123  25:25  Viking  
  123  25:26  Viking  
  125  25:32  Viking  
  127  25:44  Viking  
  122  25:55  Raven, Viking  
  119  26:14  Missile Turret  
  119  26:15  Missile Turret  
  119  26:16  Raven, Hellion  
  119  26:17  Missile Turret  
  116  26:31  Raven  
  116  26:37  Hellion  
  116  26:58  Hellion  
  114  27:04  Raven x2  
  114  27:17  Raven  
  114  27:20  Hellion  
  116  27:25  SCV  
  116  27:27  Raven  
  119  27:41  Hellion  
  121  27:47  Raven, Viking  
  119  28:15  Raven  
  119  28:16  Hellion  
  123  28:21  Refinery x2  
  123  28:24  Starport  
  117  28:37  Hellion  
  115  28:46  SCV  
  110  29:02  Starport Tech Lab  
  110  29:16  SCV  
Show
View Real Time Build Order
Export as new Build Order

FireStorm Zerg 

Build Orders: Hatch First 

Get SALT Encoding   

  12  0:01  Drone  
  13  0:12  Overlord  
  13  0:16  Drone  
  14  0:33  Drone x2  
  16  0:55  Drone  
  17  1:00  Drone  
  17  1:01  Hatchery  
  17  1:06  Drone  
  17  1:07  Extractor  
  17  1:19  Drone, Spawning Pool  
  17  1:23  Drone  
  18  1:28  Drone  
  19  1:40  Overlord  
  19  1:53  Drone  
  20  2:00  Drone  
  21  2:06  Queen  
  23  2:11  Zergling x2  
  23  2:12  Metabolic Boost  
  23  2:14  Zergling x2  
  23  2:15  Queen  
  27  2:27  Drone  
  27  2:28  Drone  
  29  2:34  Drone  
  30  2:42  Drone  
  31  2:56  Lair  
  31  3:04  Evolution Chamber  
  30  3:10  Baneling Nest, Overlord  
  30  3:11  Overlord  
  30  3:12  Overlord  
  30  3:23  Overlord  
  30  3:30  Drone, Queen  
  30  3:34  Drone, Zergling x6  
  36  3:35  Drone x4  
  36  3:40  Spore Crawler  
  40  3:44  Spore Crawler  
  39  3:51  Zergling x2  
  39  3:52  Zergling x4  
  39  3:55  Baneling x3  
  42  3:57  Baneling  
  42  4:05  Drone x2  
  42  4:06  Extractor  
  43  4:16  Overseer  
  42  4:24  Drone x2  
  42  4:25  Drone x6  
  50  4:34  Zergling x4  
  52  4:47  Zergling x8  
  52  4:48  Overlord, Zergling x6  
  58  5:04  Zergling x2  
  58  5:05  Zergling x2  
  60  5:07  Baneling x3  
  60  5:08  Baneling  
  60  5:09  Baneling x3  
  60  5:22  Spore Crawler  
  60  5:23  Spore Crawler  
  60  5:25  Spore Crawler  
  60  5:28  Spore Crawler  
  54  5:34  Spore Crawler  
  54  5:35  Spore Crawler  
  48  5:40  Zergling x8  
  48  5:41  Zergling x4  
  47  5:50  Zergling x4  
  47  5:51  Zergling x4  
  47  5:58  Zergling x4  
  47  6:06  Drone x2  
  49  6:14  Spore Crawler x2  
  49  6:15  Spore Crawler x2  
  49  6:17  Zergling x2  
  49  6:18  Zergling x2  
  43  6:27  Drone x2  
  45  6:38  Spore Crawler  
  41  7:01  Overlord  
  39  7:05  Hatchery  
  34  7:15  Zergling x8  
  32  7:20  Drone  
  31  7:25  Drone x2  
  30  7:33  Drone x2  
  32  7:42  Drone  
  32  7:43  Drone  
  34  7:45  Drone  
  35  7:55  Drone  
  35  7:56  Drone x2  
  38  8:09  Drone x4  
  42  8:15  Overlord  
  42  8:33  Overlord  
  42  8:34  Overlord x2, Drone x3  
  42  8:35  Drone  
  46  8:44  Drone x4  
  50  8:51  Queen  
  50  8:54  Drone x3  
  55  9:11  Hydralisk Den  
  55  9:12  Extractor  
  53  9:18  Drone x7  
  53  9:19  Drone x4  
  64  9:27  Extractor  
  64  9:29  Overseer x2  
  63  9:33  Spore Crawler x2  
  63  9:35  Spore Crawler  
  63  9:37  Spore Crawler  
  63  9:38  Spore Crawler  
  56  9:41  Hydralisk  
  56  9:42  Hydralisk  
  61  9:45  Drone  
  61  9:46  Drone  
  61  9:49  Drone  
  61  9:50  Drone  
  65  9:52  Drone  
  65  10:06  Hydralisk x4  
  73  10:16  Overlord x3  
  73  10:22  Overlord x2  
  73  10:23  Overlord  
  73  10:40  Hydralisk x3  
  73  10:41  Hydralisk x3  
  84  10:47  Hydralisk x2  
  84  10:48  Hydralisk  
  90  10:52  Overseer  
  90  10:56  Overseer  
  90  10:59  Hydralisk x3  
  90  11:02  Drone x2  
  98  11:08  Drone x4  
  98  11:10  Drone  
  103  11:18  Hydralisk x3  
  109  11:32  Overlord x2, Hydralisk x3  
  115  11:54  Hatchery  
  114  11:59  Hydralisk x3  
  114  12:00  Hydralisk  
  122  12:01  Overlord x3  
  122  12:02  Overlord x2  
  122  12:23  Hydralisk x5  
  122  12:24  Hydralisk x3  
  138  12:38  Grooved Spines  
  138  12:44  Zergling x20  
  136  12:57  Zergling x10  
  113  13:17  Infestation Pit  
  112  13:20  Roach Warren  
  64  13:50  Muscular Augments  
  64  13:57  Hydralisk x2  
  64  13:58  Hydralisk x13  
  94  14:08  Queen  
  96  14:11  Drone  
  96  14:12  Drone x4  
  101  14:26  Glial Reconstitution  
  101  14:31  Hive  
  101  14:37  Spire  
  100  14:49  Nydus Network  
  100  14:51  Hydralisk  
  100  14:52  Roach x4, Hydralisk x4  
  115  14:53  Roach x4  
  125  15:19  Hydralisk  
  125  15:20  Roach x3, Hydralisk x2  
  125  15:21  Roach x3  
  143  15:28  Extractor  
  143  15:30  Drone x3  
  143  15:31  Extractor  
  144  15:37  Spore Crawler  
  144  15:42  Overseer x3  
  143  15:56  Greater Spire  
  143  16:02  Overlord x10  
  143  16:19  Overseer x2  
  143  16:20  Overseer  
  143  16:21  Hydralisk x2  
  143  16:22  Roach x4  
  143  16:23  Roach  
  157  16:36  Spore Crawler  
  157  16:37  Drone x4  
  157  16:38  Drone x4  
  157  16:39  Drone  
  165  16:44  Hydralisk  
  165  16:45  Roach  
  166  16:47  Corruptor  
  167  17:04  Hatchery  
  166  17:14  Corruptor  
  166  17:15  Corruptor x2  
  170  17:33  Hydralisk x2  
  170  17:34  Roach x4, Hydralisk  
  170  17:35  Roach  
  179  17:55  Hydralisk x3  
  179  17:56  Roach x4  
  154  18:02  Roach x2  
  134  18:10  Corruptor  
  110  18:24  Queen  
  112  18:30  Extractor  
  112  18:33  Extractor  
  110  18:37  Brood Lord x2  
  114  18:55  Corruptor  
  114  18:56  Corruptor x3  
  122  19:22  Zerg Flyer Armor Level 1  
  122  19:27  Hatchery  
  121  19:40  Brood Lord x3  
  127  19:56  Queen  
  129  20:12  Corruptor  
  129  20:13  Corruptor x4  
  139  20:15  Overseer x2  
  139  20:27  Extractor  
  138  20:53  Corruptor x5  
  138  20:54  Corruptor  
  150  21:05  Hatchery  
  150  21:08  Evolution Chamber  
  150  21:09  Evolution Chamber  
  147  21:11  Drone x2  
  147  21:12  Drone x18  
  147  21:13  Drone x9  
  147  21:16  Corruptor x2  
  180  21:21  Brood Lord  
  180  21:36  Corruptor x2  
  180  21:37  Corruptor  
  186  21:44  Extractor  
  185  21:58  Brood Lord x2  
  189  22:22  Corruptor x4  
  195  22:33  Corruptor  
  195  22:34  Corruptor  
  199  22:37  Hatchery  
  162  23:06  Corruptor  
  162  23:07  Corruptor x9  
  162  23:11  Corruptor  
  184  23:18  Corruptor  
  144  23:49  Corruptor  
  144  23:50  Corruptor x5  
  156  24:11  Brood Lord x3  
  156  24:13  Zergling x10  
  156  24:14  Zergling x26  
  180  24:33  Brood Lord x2  
  184  24:41  Extractor  
  184  24:42  Extractor  
  184  24:45  Drone x2  
  171  24:50  Brood Lord  
  171  24:51  Brood Lord  
  170  25:15  Corruptor x3  
  174  25:29  Corruptor  
  174  25:30  Corruptor x4  
  184  25:35  Brood Lord  
  180  25:51  Corruptor x3  
  174  26:03  Corruptor x3  
  160  26:08  Hydralisk  
  160  26:09  Hydralisk x2  
  140  26:20  Corruptor x2  
  140  26:25  Corruptor  
  130  26:56  Corruptor x6  
  130  26:57  Corruptor  
  136  27:06  Corruptor  
  136  27:07  Corruptor  
  130  27:13  Hydralisk  
  130  27:14  Hydralisk x3  
  134  27:16  Zergling x12  
  134  27:17  Zergling x8  
  142  27:27  Adrenal Glands  
  142  27:49  Zergling x2  
  142  27:50  Zergling x34  
  159  28:09  Zergling x2  
  159  28:10  Zergling x34  
  177  28:23  Zergling x2  
  177  28:24  Overlord x3, Zergling x2  
  177  28:25  Overlord  
  144  28:35  Zergling x2  
  144  28:36  Zergling x14  
  139  28:49  Corruptor x3  
  133  28:58  Zergling x8  
  133  29:13  Zergling x2  
  133  29:14  Zergling x20  
  144  29:18  Zergling x2  
  144  29:19  Zergling x2  
  144  29:23  Zergling x4  
  144  29:24  Zergling x2  
Tags
 
League
Platinum
Matchup
TvZ
Add a new tag
Caveats
  • Supply blocks, unpowered buildings, or Contaminate may cause inaccurate times.
  • Supply counts are checked every 10 seconds.